 Dungeon Crawl Stone Soup version 0.26-a0-851-g735459dd53 (webtiles) character file.

Game seed: 1397445869901902342

2233 Froggeryz the Cleaver (level 9, 0/64 HPs)
             Began as a Formicid Delver on Nov 21, 2020.
             Was a Believer of Okawaru.
             Slain by an orc warrior
             ... wielding a +0 dire flail
              (7 damage)
             ... on level 7 of the Dungeon.
             The game lasted 00:10:23 (8330 turns).

Froggeryz the Cleaver (Formicid Delver)             Turns: 8330, Time: 00:10:23

Health: 0/64       AC: 11    Str: 20    XL:     9   Next: 62%
Magic:  9/9        EV: 12    Int: 10    God:    Okawaru [**....]
Gold:   440        SH:  6    Dex: 18    Spells: 8/8 levels left

rFire    . . .     SeeInvis +   a - +1 hand axe
rCold    . . .     Faith    .   y - +0 buckler
rNeg     . . .     Spirit   .   C - +0 acid dragon scales (curse)
rPois    .         Reflect  .   (helmet unavailable)
rElec    .         Harm     .   (no cloak)
rCorr    +         Rampage  +   w - +0 pair of gloves
MR       .....                  v - +2 pair of boots {rampage}
Stlth    +++.......             l - amulet of the acrobat
HPRegen  0.20/turn              B - +6 ring of dexterity
MPRegen  0.11/turn              (no ring)

@: no status effects
A: permanent stasis, dig shafts and tunnels, four strong arms, antennae 3
a: Dig, Shaft Self, Heroism, Renounce Religion


You were on level 7 of the Dungeon.
You worshipped Okawaru.
Okawaru was pleased with you.
You visited 2 branches of the dungeon, and saw 8 of its levels.

You collected 440 gold pieces.

Inventory:

Hand Weapons
 a - a +1 hand axe (weapon)
 g - the +5 falchion "Ixecasau" {vorpal, rElec rPois}
   (You found it on level 5 of the Dungeon)

   It inflicts extra damage upon your enemies.
   It insulates you from electricity.
   It protects you from poison.
 A - a +0 war axe
Armour
 v - a +2 pair of boots of rampaging (worn)
 w - a +0 pair of gloves (worn)
 y - a +0 buckler (worn)
 C - cursed +0 acid dragon scales (worn)
Jewellery
 l - an amulet of the acrobat (around neck)
 B - a +6 ring of dexterity (left hand)
Wands
 f - a wand of digging (3)
 x - a wand of acid (3)
Scrolls
 c - a scroll of fog
 d - 3 scrolls of magic mapping
 e - 2 scrolls of fear
 j - a scroll of random uselessness {unknown}
 n - 5 scrolls of identify
 o - a scroll of enchant armour {unknown}
 u - 3 scrolls of remove curse
 z - 2 scrolls of amnesia {unknown}
Potions
 b - 4 potions of attraction {unknown}
 h - 2 potions of brilliance
 i - a potion of lignification {unknown}
 m - a potion of ambrosia {unknown}
 p - 3 potions of curing
 q - a potion of heal wounds {unknown}
 r - 3 potions of flight {unknown}
 s - a potion of resistance {unknown}
 t - 2 potions of degeneration {unknown}


   Skills:
 - Level 3.4 Fighting
 * Level 9.3 Axes
 - Level 4.6 Armour
 - Level 1.7 Dodging
 - Level 6.0 Stealth
 * Level 7.9 Shields


You had 8 spell levels left.
You didn't know any spells.
Your spell library contained the following spells:

 Spells                   Type           Power        Failure   Level
 Animate Skeleton         Necr           #.....       43%         1
 Magic Dart               Conj           #...         43%         1
 Pain                     Necr           #...         43%         1
 Call Imp                 Summ           #.......     58%         2
 Slow                     Hex            #.......     58%         2
 Conjure Flame            Conj/Fire      #.......     82%         3
 Mephitic Cloud           Conj/Pois/Air  #.......     82%         3
 Vampiric Draining        Necr           #.........   82%         3
 Animate Dead             Necr           #.........   99%         4
 Agony                    Necr           #.......     100%        5
 Blink                    Tloc           Unusable     N/A         2

Dungeon Overview and Level Annotations

Branches:
Dungeon (7/15)             Temple (1/1) D:4

Altars:
Ashenzari
Cheibriados
Dithmenos
Elyvilon
Fedhas
Gozag
Hepliaklqana
Kikubaaqudgha
Makhleb
Nemelex Xobeh
Okawaru
Qazlal
Ru
Sif Muna
Trog
Uskayaw
Vehumet
Wu Jian
Xom
Yredelemnul
Zin
The Shining One

Shops:
D:5 }


Innate Abilities, Weirdness & Mutations

You cannot be hasted, slowed, berserked, paralysed or teleported.
You can dig through walls and to a lower floor.
Your four strong arms can wield two-handed weapons with a shield.
You have a pair of large antennae on your head. (SInv)


Message History

* * * LOW HITPOINT WARNING * * *
You hit the orc warrior but do no damage.
The orc warrior is almost dead.
The orc warrior closely misses you.
You hit the orc warrior but do no damage.
The orc warrior is almost dead.
The orc warrior closely misses you.
You hit the orc warrior but do no damage.
The orc warrior is almost dead.
You barely miss the orc warrior.
The orc warrior is almost dead.
The orc warrior hits you with a +0 dire flail.
* * * LOW HITPOINT WARNING * * *
You closely miss the orc warrior.
The orc warrior is severely wounded.
The orc warrior hits you but does no damage.
You hit the orc warrior but do no damage.
The orc warrior is severely wounded.
The orc warrior hits you with a +0 dire flail!
You die...

................
..##............
..#............# ##
....##.###.....# .#
..###..........##.##
..# ###............##
#.# ##............# #.#
####?.....?.)[..#
#.###.##........@o..#
....#.......##..##....#
.........######..# ...#
..........#
#.#.###.....
....>.....#
#.........##
..........###.#....##.#
..............######
..............##
.......#..##...#


You could see an orc warrior.

Vanquished Creatures
  Maggie (D:6)
  Grinder (D:6)
  Eustachio (D:6)
  A water moccasin (D:5)
  A phantom (D:6)
  3 ogres (D:5)
  2 bullfrogs
  3 scorpions (D:6)
  6 killer bees (D:7)
  A water moccasin skeleton (D:4)
  A centaur zombie (D:6)
  A hound (D:2)
  A bullfrog zombie (D:6)
  2 jellies
  3 orc priests
  A bullfrog skeleton (D:5)
  2 orc wizards (D:6)
  A worker ant (D:4)
  A hound skeleton (D:5)
  2 worker ant zombies
  3 adders
  5 gnolls
  An ufetubus (D:5)
  An ooze (D:1)
  4 worms
  2 dart slugs
  7 leopard geckos
  18 orcs
  2 ball pythons
  6 giant cockroaches
  9 goblins
  7 hobgoblins
  10 jackals
  3 kobolds
  6 quokkas
  7 bats
  11 frilled lizards
  5 rats
142 creatures vanquished.

Notes
Turn   | Place    | Note
-------+----------+-------------------------------------------
     0 | D:5      | Froggeryz the Formicid Delver began the quest for the Orb.
     0 | D:5      | Reached XP level 1. HP: 18/18 MP: 1/1
     5 | D:5      | Noticed a jelly
     9 | D:5      | Found Copysoh's Gadget Shop.
    31 | D:6      | Reached skill level 3 in Axes
    31 | D:6      | Reached skill level 1 in Armour
    31 | D:6      | Reached XP level 2. HP: 5/24 MP: 2/2
    31 | D:6      | Reached XP level 3. HP: 6/29 MP: 3/3
   286 | D:6      | Noticed Eustachio
   311 | D:6      | Found a white marble altar of Elyvilon.
   482 | D:5      | Got a bloodstained falchion
   495 | D:4      | You fall into a shaft and drop 2 floors!
   496 | D:6      | Noticed Grinder
   507 | D:6      | Reached XP level 4. HP: 19/35 MP: 4/4
   896 | D:3      | Identified the +5 falchion "Ixecasau" {vorpal, rElec rPois}
                  | (You found it on level 5 of the Dungeon)
   953 | D:3      | Noticed a bullfrog
   960 | D:3      | Killed a bullfrog
   961 | D:3      | Reached skill level 4 in Axes
   961 | D:3      | Reached XP level 5. HP: 31/41 MP: 5/5
  1308 | D:2      | Found a radiant altar of Vehumet.
  1375 | D:2      | Reached XP level 6. HP: 41/47 MP: 6/6
  1585 | D:1      | Reached skill level 5 in Axes
  3414 | D:4      | Reached XP level 7. HP: 52/52 MP: 7/7
  3452 | D:4      | Found a white marble altar of Elyvilon.
  3648 | D:4      | Found a staircase to the Ecumenical Temple.
  3824 | Temple   | Entered the Ecumenical Temple
  3990 | Temple   | Became a worshipper of Warmaster Okawaru
  4428 | D:5      | Noticed a water moccasin
  4454 | D:5      | Killed a water moccasin
  4455 | D:5      | Reached skill level 6 in Axes
  4707 | D:5      | Reached skill level 1 in Shields
  4799 | D:5      | Reached XP level 8. HP: 42/58 MP: 8/8
  5243 | D:5      | Reached * piety under Okawaru
  5244 | D:5      | Reached skill level 7 in Axes
  5889 | D:6      | Killed Eustachio
  6552 | D:6      | Reached skill level 5 in Shields
  6693 | D:6      | Reached skill level 8 in Axes
  7092 | D:6      | Reached ** piety under Okawaru
  7093 | D:6      | Reached XP level 9. HP: 45/64 MP: 9/9
  7247 | D:6      | Killed Grinder
  7451 | D:6      | Noticed Maggie
  7485 | D:6      | Killed Maggie
  7486 | D:6      | Reached skill level 9 in Axes
  8289 | D:7      | Found a radiant altar of Vehumet.
  8330 | D:7      | Slain by an orc warrior

Illustrated notes

Levels and vault maps discovered:
D:1:      dpeg_arrival_short_road, layout_basic, minmay_lizard_king
D:2:      layout_basic, vehumet_crystals, chequers_serial_rivers_micro_c,
          corexii_shack, minmay_circle_x
D:3:      layout_loops_corners
D:4:      layout_loops_ring, temple_hall, serial_glass, glass_columns_c,
          glass_columns_b, glass_columns_a, glass_columns_a, elyvilon_altar_3
D:5:      layout_basic, serial_shops, shop
D:6:      layout_gridville, basic_altar, uniq_maggie, uniq_eustachio,
          uniq_grinder
D:7:      layout_cave_pools, basic_altar
Temple:   compressed_dpeg_triangle_lava_temple

Skill      XL: |  1  2  3  4  5  6  7  8  9 |
---------------+----------------------------+-----
Axes           | 3 4 5 6 8 9 |  9.3
Armour         | 1 2 3 4 |  4.6
Shields        | 2 6 7 |  7.9
Fighting       | |  3.4
Dodging        | |  1.7
Stealth        | |  6.0

Action                   |  1- 3 |  4- 6 |  7- 9 || total
-------------------------+-------+-------+-------++-------
Melee: Hand axe          |    23 |    32 |   356 ||   411
       Falchion          |       |   163 |     6 ||   169
Invok: Heroism           |       |       |     1 ||     1
Evoke: Wand              |       |       |     5 ||     5
  Use: Scroll            |       |     8 |       ||     8
       Potion            |       |       |     2 ||     2
 Stab: Sleeping          |     1 |    10 |     5 ||    16
Armor: Leather armour    |     5 |     2 |       ||     7
       Chain mail        |       |    14 |       ||    14
       Scale mail        |       |    90 |   103 ||   193
       Acid dragon scale |       |       |     9 ||     9
Dodge: Dodged            |    11 |   127 |   148 ||   286
Block: Buckler           |       |       |    57 ||    57
       Rpst.: Falchion   |       |    38 |     2 ||    40

Table legend: (Time is in decaauts)
 A = Elapsed time spent in this place.
 B = Non-inter-level travel time spent in this place.
 C = Inter-level travel time spent in this place.
 D = Time resting spent in this place.
 E = Time spent auto-exploring this place.
 F = Levels seen in this place.
 G = Mean time per level.
                   A        B        C        D        E       F      G
               +--------+--------+--------+--------+--------+-----+--------+
         Total |   8360 |   8021 |    339 |   2422 |   4067 |   8 | 1045.0 |
       Dungeon |   8180 |   7873 |    307 |   2422 |   3922 |   7 | 1168.6 |
        Temple |    179 |    147 |     32 |      0 |    145 |   1 |  179.0 |
               +--------+--------+--------+--------+--------+-----+--------+

Top non-repeatable levels by time:
     D:6: 2724 daAuts
     D:5: 1677 daAuts
     D:4: 1122 daAuts
     D:3: 917 daAuts
     D:2: 841 daAuts
     D:1: 797 daAuts
  Temple: 179 daAuts
     D:7: 98 daAuts
